PAA
VIRGINIA PALLADIUM SOX @ WESTWOOD SIXSHOOTERS
09/14/2037
 
TOP OF THE 1ST
Virginia Palladium Sox batting - Pitching for Westwood Sixshooters : RHP Pjotr Melis
Pitching: RHP Pjotr Melis
Batting: LHB Jorge Castillo 0-0: Fly out, F9 (Flyball, 89M, EV 91.9 MPH)
Batting: LHB Joe Karnowski 0-0: Ball
1-0: Swinging Strike
1-1: Swinging Strike
1-2: Ball
2-2: Ball
3-2: Base on Balls
Batting: LHB Dave Watts 0-0: Called Strike
Joe Karnowski steals 2nd base
0-1: Swinging Strike
0-2: Ball
1-2: Fly out, F9 (Line Drive, 9, EV 98.8 MPH)
Batting: LHB Santiago Miranda 0-0: Ball
1-0: Called Strike
1-1: Foul Ball, location: 2F
1-2: Fly out, F4 (Line Drive, 4, EV 66.2 MPH)
Top of the 1st over - 0 runs, 0 hits, 0 errors, 1 left on base; Virginia 0 - Westwood 0
BOTTOM OF THE 1ST
Westwood Sixshooters batting - Pitching for Virginia Palladium Sox : RHP Wilson Valenzuela
Pitching: RHP Wilson Valenzuela
Batting: RHB Vesa Karpinen 0-0: Swinging Strike
0-1: Ball
1-1: SINGLE (Groundball, 34D, EV 101.9 MPH)
Batting: RHB Christian Rose 0-0: Foul Ball, location: 2F
0-1: Ball
1-1: Foul Ball, location: 2F
1-2: Strikes out swinging
Batting: RHB Oki Hai 0-0: Ball
1-0: Ball
2-0: Fly out, F7 (Flyball, 78M, EV 93.8 MPH)
Batting: LHB Juan Carlos Vázquez 0-0: Called Strike
0-1: Ball
1-1: Ball
2-1: Foul Ball, location: 2F
2-2: Foul Ball, location: 2F
2-2: Strikes out swinging
Bottom of the 1st over - 0 runs, 1 hit, 0 errors, 1 left on base; Virginia 0 - Westwood 0
TOP OF THE 2ND
Virginia Palladium Sox batting - Pitching for Westwood Sixshooters : RHP Pjotr Melis
Batting: RHB Craig Greene 0-0: Ball
1-0: Foul Ball, location: 2F
1-1: Ball
2-1: Ground out 4-3 (Groundball, 4, EV 86.9 MPH)
Batting: RHB Jack Cobb 0-0: Ball
1-0: Ball
2-0: Foul Ball, location: 2F
2-1: Ball
3-1: Foul Ball, location: 2F
3-2: Base on Balls
Batting: RHB Andy Garnet 0-0: Swinging Strike
0-1: Ball
1-1: DOUBLE (Line Drive, 78D, EV 105.0 MPH)
Jack Cobb to third
Runner from 3rd tries for Home, SAFE, throw by CF to home
Batting: RHB Víctor Murguia 0-0: Called Strike
0-1: Swinging Strike
0-2: Foul Ball, location: 2F
0-2: Foul Ball, location: 2F
0-2: SINGLE (Line Drive, 89S, EV 106.9 MPH)
Andy Garnet to third
Batting: RHB Dave Lewis 0-0: Ball
1-0: Called Strike
1-1: Ball
2-1: Called Strike
2-2: Strikes out looking
Batting: LHB Jorge Castillo 0-0: Ball
1-0: Ball
2-0: Ball
3-0: Base on Balls
Víctor Murguia to second
Batting: LHB Joe Karnowski 0-0: Ball
1-0: Fly out, F7 (Flyball, 78M, EV 94.4 MPH)
Top of the 2nd over - 1 run, 2 hits, 0 errors, 3 left on base; Virginia 1 - Westwood 0
BOTTOM OF THE 2ND
Westwood Sixshooters batting - Pitching for Virginia Palladium Sox : RHP Wilson Valenzuela
Batting: RHB Mark Merry 0-0: Swinging Strike
0-1: Ball
1-1: Foul Ball, location: 2F
1-2: Strikes out swinging
Batting: LHB Q' Drennan 0-0: Foul Ball, location: 2F
0-1: Bunted foul
0-2: Foul Ball, location: 2F
0-2: Ground out 5-3 (Groundball, 56S, EV 86.2 MPH)
Batting: SHB José Tirado 0-0: Foul Ball, location: 2F
0-1: Ball
1-1: SINGLE (Groundball, 56D, EV 98.1 MPH)
Batting: RHB Sean Roberts 0-0: Ball
José Tirado steals 2nd base
1-0: Foul Ball, location: 2F
1-1: Ball
2-1: Called Strike
2-2: Strikes out swinging
Bottom of the 2nd over - 0 runs, 1 hit, 0 errors, 1 left on base; Virginia 1 - Westwood 0
TOP OF THE 3RD
Virginia Palladium Sox batting - Pitching for Westwood Sixshooters : RHP Pjotr Melis
Batting: LHB Dave Watts 0-0: Ball
1-0: Ground out 4-3 (Groundball, 4, EV 78.1 MPH)
Batting: LHB Santiago Miranda 0-0: Ball
1-0: Swinging Strike
1-1: Ball
2-1: DOUBLE (Line Drive, 89M, EV 103.1 MPH)
Batting: RHB Craig Greene 0-0: Ball
1-0: Swinging Strike
1-1: Ball
2-1: Fly out, F8 (Flyball, 8RS, EV 88.1 MPH)
Batting: RHB Jack Cobb 0-0: Called Strike
0-1: Ball
1-1: Ball
2-1: 2-RUN HOME RUN (Flyball, 7LD, EV 99.4 MPH), Distance : 350 ft
Batting: RHB Andy Garnet 0-0: Ball
1-0: Called Strike
1-1: Foul Ball, location: 2F
1-2: Foul Ball, location: 2F
1-2: Foul Ball, location: 2F
1-2: Ground out 2-3 (Groundball, 13S, EV 64.4 MPH)
Top of the 3rd over - 2 runs, 2 hits, 0 errors, 0 left on base; Virginia 3 - Westwood 0
BOTTOM OF THE 3RD
Westwood Sixshooters batting - Pitching for Virginia Palladium Sox : RHP Wilson Valenzuela
Batting: SHB Jin-yong Ch'oe 0-0: SOLO HOME RUN (Flyball, 89XD, EV 111.9 MPH), Distance : 412 ft
Batting: RHB Vesa Karpinen 0-0: Ball
1-0: Foul Ball, location: 2F
1-1: Swinging Strike
1-2: Strikes out looking
Batting: RHB Christian Rose 0-0: Ball
1-0: SINGLE (Groundball, 4D, EV 96.9 MPH)
Batting: RHB Oki Hai 0-0: Foul Ball, location: 2F
0-1: Ball
1-1: Ball
2-1: Fly out, F8 (Line Drive, 8RM, EV 98.8 MPH)
Batting: LHB Juan Carlos Vázquez 0-0: Ball
1-0: Ball
2-0: Called Strike
2-1: Called Strike
Christian Rose steals 2nd base
2-2: Ground out 3-1 (Groundball, 34S, EV 76.9 MPH)
Bottom of the 3rd over - 1 run, 2 hits, 0 errors, 1 left on base; Virginia 3 - Westwood 1
TOP OF THE 4TH
Virginia Palladium Sox batting - Pitching for Westwood Sixshooters : RHP Pjotr Melis
Batting: RHB Víctor Murguia 0-0: Ball
1-0: Ball
2-0: Foul Ball, location: 2F
2-1: Foul Ball, location: 2F
2-2: Ground out 2-3 (Groundball, 13S, EV 70.6 MPH)
Batting: RHB Dave Lewis 0-0: Called Strike
0-1: Ball
1-1: Swinging Strike
1-2: Strikes out swinging
Batting: LHB Jorge Castillo 0-0: Foul Ball, location: 2F
0-1: Ball
1-1: SINGLE (Groundball, 6D, EV 97.5 MPH)
Batting: LHB Joe Karnowski 0-0: Swinging Strike
0-1: Foul Ball, location: 2F
0-2: Foul Ball, location: 2F
0-2: Ball
Jorge Castillo steals 2nd base
1-2: DOUBLE (Flyball, 7LD, EV 100.0 MPH)
Jorge Castillo scores
Batting: LHB Dave Watts 0-0: Foul Ball, location: 2F
0-1: Called Strike
0-2: Fly out, F7 (Flyball, 7LSF, EV 83.8 MPH)
Top of the 4th over - 1 run, 2 hits, 0 errors, 1 left on base; Virginia 4 - Westwood 1
BOTTOM OF THE 4TH
Westwood Sixshooters batting - Pitching for Virginia Palladium Sox : RHP Wilson Valenzuela
Batting: RHB Mark Merry 0-0: Foul Ball, location: 2F
0-1: Ball
1-1: Called Strike
1-2: Fly out, F7 (Flyball, 7LS, EV 85.0 MPH)
Batting: LHB Q' Drennan 0-0: Ball
1-0: Ball
2-0: Ball
3-0: Called Strike
3-1: Called Strike
3-2: Fly out, F6 (Popup, 6MS, EV 63.1 MPH)
Batting: SHB José Tirado 0-0: Ball
1-0: Ball
2-0: Called Strike
2-1: DOUBLE (Line Drive, 7LS, EV 107.5 MPH)
Batting: RHB Sean Roberts 0-0: Ball
1-0: Swinging Strike
1-1: Swinging Strike
1-2: Ball
2-2: Strikes out swinging
Bottom of the 4th over - 0 runs, 1 hit, 0 errors, 1 left on base; Virginia 4 - Westwood 1
TOP OF THE 5TH
Virginia Palladium Sox batting - Pitching for Westwood Sixshooters : RHP Pjotr Melis
Batting: LHB Santiago Miranda 0-0: Fly out, F9 (Flyball, 89M, EV 95.6 MPH)
Batting: RHB Craig Greene 0-0: Called Strike
0-1: Ball
1-1: Fly out, F8 (Flyball, 8RM, EV 85.6 MPH)
Batting: RHB Jack Cobb 0-0: Ball
1-0: Ball
2-0: Called Strike
2-1: Swinging Strike
2-2: Ball
3-2: Ground out 3-1 (Groundball, 34S, EV 86.2 MPH)
Top of the 5th over - 0 runs, 0 hits, 0 errors, 0 left on base; Virginia 4 - Westwood 1
BOTTOM OF THE 5TH
Westwood Sixshooters batting - Pitching for Virginia Palladium Sox : RHP Wilson Valenzuela
Batting: SHB Jin-yong Ch'oe 0-0: Ball
1-0: Ball
2-0: Foul Ball, location: 2F
2-1: Foul Ball, location: 2F
2-2: Ball
3-2: DOUBLE (Line Drive, 89M, EV 103.1 MPH)
Batting: RHB Vesa Karpinen 0-0: DOUBLE (Line Drive, 9LS, EV 98.8 MPH)
Jin-yong Ch'oe scores
Batting: RHB Christian Rose 0-0: Ball
1-0: SINGLE (Groundball, 6MD, EV 95.0 MPH)
Vesa Karpinen to third
Batting: RHB Oki Hai 0-0: Ball
1-0: Ball
2-0: Called Strike
2-1: Foul Ball, location: 2F
2-2: Fielders Choice at 2nd, 6-4 (Groundball, 6M, EV 78.8 MPH)
Vesa Karpinen scores
Batting: LHB Juan Carlos Vázquez 0-0: Ball
1-0: SINGLE (Line Drive, 3D, EV 95.6 MPH)
Oki Hai to second
Runner from 2nd tries for 3rd, SAFE, throw by RF made to third
Pinch Runner at 3rd Jorge Corella:
Batting: RHB Mark Merry 0-0: Foul Ball, location: 2F
0-1: Ball
1-1: Fly out, F6 (Popup, 6M, EV 63.1 MPH)
Batting: LHB Q' Drennan 0-0: Ball
1-0: Foul Ball, location: 2F
1-1: Ball
2-1: Ball
3-1: Foul Ball, location: 2F
3-2: Ground out U3 (Groundball, 3, EV 88.1 MPH)
Bottom of the 5th over - 2 runs, 4 hits, 0 errors, 2 left on base; Virginia 4 - Westwood 3
TOP OF THE 6TH
Virginia Palladium Sox batting - Pitching for Westwood Sixshooters : RHP Pjotr Melis
Now at 1B: Ken Paige
Batting: RHB Andy Garnet 0-0: Swinging Strike
0-1: Ball
1-1: Fly out, F9 (Flyball, 89S, EV 83.1 MPH)
Batting: RHB Víctor Murguia 0-0: Called Strike
0-1: Hit by Pitch
Pitching: RHP George Johnstone
Batting: RHB Dave Lewis 0-0: Ball
1-0: Ball
2-0: SINGLE (Groundball, 6M, EV 85.0 MPH) (infield hit)
Víctor Murguia to second
Batting: LHB Jorge Castillo 0-0: Ball
1-0: Foul Ball, location: 2F
1-1: Ball
2-1: Ball
3-1: Base on Balls
Víctor Murguia to third
Dave Lewis to second
Batting: LHB Joe Karnowski 0-0: Ball
1-0: Swinging Strike
1-1: Ball
2-1: Called Strike
2-2: Strikes out swinging
Batting: LHB Dave Watts 0-0: Called Strike
0-1: Ball
1-1: Ball
2-1: Ball
3-1: Base on Balls
Víctor Murguia scores
Dave Lewis to third
Jorge Castillo to second
Batting: LHB Santiago Miranda 0-0: Called Strike
0-1: Fly out, F8 (Line Drive, 8RM, EV 93.8 MPH)
Top of the 6th over - 1 run, 1 hit, 0 errors, 3 left on base; Virginia 5 - Westwood 3
BOTTOM OF THE 6TH
Westwood Sixshooters batting - Pitching for Virginia Palladium Sox : RHP Wilson Valenzuela
Batting: SHB José Tirado 0-0: Called Strike
0-1: Called Strike
0-2: Strikes out swinging
Batting: RHB Sean Roberts 0-0: Fly out, F8 (Flyball, 8RXD, EV 103.1 MPH)
Batting: SHB Jin-yong Ch'oe 0-0: Ground out 3-1 (Groundball, 34, EV 95.6 MPH)
Bottom of the 6th over - 0 runs, 0 hits, 0 errors, 0 left on base; Virginia 5 - Westwood 3
TOP OF THE 7TH
Virginia Palladium Sox batting - Pitching for Westwood Sixshooters : RHP George Johnstone
Batting: RHB Craig Greene 0-0: Foul Ball, location: 2F
0-1: Called Strike
0-2: Ball
1-2: Fly out, F9 (Flyball, 89S, EV 94.4 MPH)
Batting: RHB Jack Cobb 0-0: Ball
1-0: Ball
2-0: Foul Ball, location: 2F
2-1: Foul Ball, location: 2F
2-2: Ball
3-2: Fly out, F8 (Flyball, 78D, EV 88.8 MPH)
Batting: RHB Andy Garnet 0-0: Ball
1-0: Called Strike
1-1: Ball
2-1: Ball
3-1: Base on Balls
Batting: RHB Víctor Murguia 0-0: Ball
1-0: Ball
2-0: Fly out, F7 (Line Drive, 7, EV 85.0 MPH)
Top of the 7th over - 0 runs, 0 hits, 0 errors, 1 left on base; Virginia 5 - Westwood 3
BOTTOM OF THE 7TH
Westwood Sixshooters batting - Pitching for Virginia Palladium Sox : RHP Wilson Valenzuela
Batting: RHB Vesa Karpinen 0-0: Foul Ball, location: 2F
0-1: Ground out 1-3 (Groundball, 13, EV 83.1 MPH)
Batting: RHB Christian Rose 0-0: Foul Ball, location: 2F
0-1: Ball
1-1: Ball
2-1: Foul Ball, location: 2F
2-2: Foul Ball, location: 2F
2-2: Ball
3-2: Foul Ball, location: 2F
3-2: SINGLE (Groundball, 6D, EV 103.8 MPH)
Pitching: RHP Chris Douglas
Batting: SHB Ken Paige 0-0: Ball
1-0: Ball
2-0: Called Strike
2-1: Foul Ball, location: 2F
2-2: Fly out, F9 (Flyball, 89D, EV 98.1 MPH)
Batting: LHB Juan Carlos Vázquez 0-0: SINGLE (Groundball, 34D, EV 100.0 MPH)
Christian Rose to second
Runner from 2nd tries for 3rd, SAFE, no throw by RF
Batting: RHB Mark Merry 0-0: Ball
1-0: Foul Ball, location: 2F
1-1: Swinging Strike
1-2: Foul Ball, location: 2F
1-2: Ground out U3 (Groundball, 34, EV 102.5 MPH)
Bottom of the 7th over - 0 runs, 2 hits, 0 errors, 2 left on base; Virginia 5 - Westwood 3
TOP OF THE 8TH
Virginia Palladium Sox batting - Pitching for Westwood Sixshooters : RHP George Johnstone
Batting: RHB Dave Lewis 0-0: Ball
1-0: Called Strike
1-1: Ball
2-1: Called Strike
2-2: Foul Ball, location: 2F
2-2: Foul Ball, location: 2F
2-2: Ball
3-2: SOLO HOME RUN (Flyball, 78XD, EV 100.0 MPH), Distance : 424 ft
Pitching: LHP Tyrone Poole
Batting: LHB Jorge Castillo 0-0: Foul Ball, location: 2F
0-1: DOUBLE (Flyball, 8RXD, EV 94.4 MPH)
Batting: LHB Joe Karnowski 0-0: Swinging Strike
0-1: DOUBLE (Flyball, 8LXD, EV 101.2 MPH)
Jorge Castillo scores
Batting: LHB Dave Watts 0-0: Ball
1-0: Ball
2-0: Foul Ball, location: 2F
2-1: Swinging Strike
2-2: Ball
3-2: SINGLE (Groundball, 3D, EV 107.5 MPH)
Joe Karnowski to third
Runner from 3rd tries for Home, SAFE, no throw by RF
Batting: LHB Santiago Miranda 0-0: Called Strike
0-1: Foul Ball, location: 2F
0-2: Ball
1-2: Ball
2-2: Strikes out swinging
Batting: RHB Craig Greene 0-0: SINGLE (Line Drive, 6MD, EV 99.4 MPH)
Dave Watts to second
Batting: RHB Jack Cobb 0-0: Ball
1-0: Called Strike
1-1: Swinging Strike
1-2: Ball
2-2: Fly out, F8 (Line Drive, 8LD, EV 110.6 MPH)
Batting: RHB Andy Garnet 0-0: SINGLE (Groundball, 5D, EV 103.8 MPH)
Dave Watts to third
Craig Greene to second
Runner from 3rd tries for Home, SAFE, throw by LF to home
Now in LF: Jesús González
Batting: RHB Víctor Murguia 0-0: Ball
1-0: Ball
2-0: Ball
3-0: Called Strike
3-1: Base on Balls
Craig Greene to third
Andy Garnet to second
Batting: RHB Dave Lewis 0-0: Ball
1-0: Ball
2-0: Called Strike
2-1: Called Strike
2-2: Foul Ball, location: 2F
2-2: SINGLE (Line Drive, 9S, EV 91.2 MPH)
Craig Greene scores
Andy Garnet to third
Víctor Murguia to second
Runner from 3rd tries for Home, SAFE, throw by RF to home
Pitching: RHP Rodrigo Delvalle
Pinch Hitting: RHB John Ryan 0-0: Called Strike
0-1: Foul Ball, location: 2F
0-2: Ball
1-2: Strikes out swinging
Top of the 8th over - 6 runs, 7 hits, 0 errors, 2 left on base; Virginia 11 - Westwood 3
BOTTOM OF THE 8TH
Westwood Sixshooters batting - Pitching for Virginia Palladium Sox : RHP Chris Douglas
Now in CF: John Ryan
Batting: RHB Jesús González 0-0: Ball
1-0: Called Strike
1-1: Ball
2-1: SINGLE (Line Drive, 9S, EV 94.4 MPH)
Batting: SHB José Tirado 0-0: Foul Ball, location: 2F
0-1: Ball
1-1: 2-RUN HOME RUN (Flyball, 89XD, EV 93.8 MPH), Distance : 417 ft
Batting: RHB Sean Roberts 0-0: Ball
1-0: Foul Ball, location: 2F
1-1: Swinging Strike
1-2: Ball
2-2: Fly out, F7 (Line Drive, 7, EV 90.6 MPH)
Batting: SHB Jin-yong Ch'oe 0-0: Ball
1-0: Called Strike
1-1: Called Strike
1-2: Ball
2-2: Ball
3-2: Ground out 4-3 (Groundball, 4, EV 82.5 MPH)
Batting: RHB Vesa Karpinen 0-0: SINGLE (Groundball, 4, EV 76.9 MPH) (infield hit)
Batting: RHB Christian Rose 0-0: Ball
1-0: Swinging Strike
1-1: Ball
2-1: Ball
3-1: Fielders Choice at 2nd, 6-4 (Groundball, 6, EV 84.4 MPH)
Bottom of the 8th over - 2 runs, 3 hits, 0 errors, 1 left on base; Virginia 11 - Westwood 5
TOP OF THE 9TH
Virginia Palladium Sox batting - Pitching for Westwood Sixshooters : RHP Rodrigo Delvalle
Batting: LHB Joe Karnowski 0-0: Ball
1-0: Ball
2-0: Ball
3-0: Called Strike
3-1: Called Strike
3-2: SINGLE (Groundball, 15, EV 75.6 MPH) (infield hit)
Batting: LHB Dave Watts 0-0: Grounds into double play, 4-6-3 (Groundball, 4, EV 101.9 MPH)
Batting: LHB Santiago Miranda 0-0: Ball
1-0: Called Strike
1-1: Foul Ball, location: 2F
1-2: SINGLE (Groundball, 34S, EV 87.5 MPH) (infield hit)
Batting: RHB Craig Greene 0-0: Swinging Strike
0-1: Foul Ball, location: 2F
0-2: Ball
1-2: Ball
2-2: Foul Ball, location: 2F
2-2: Foul Ball, location: 2F
2-2: Strikes out looking
Top of the 9th over - 0 runs, 2 hits, 0 errors, 1 left on base; Virginia 11 - Westwood 5
BOTTOM OF THE 9TH
Westwood Sixshooters batting - Pitching for Virginia Palladium Sox : RHP Chris Douglas
Batting: SHB Ken Paige 0-0: Ball
1-0: Ball
2-0: Ground out 3-1 (Groundball, 34, EV 92.5 MPH)
Batting: LHB Juan Carlos Vázquez 0-0: Foul Ball, location: 2F
0-1: Ball
1-1: Swinging Strike
1-2: Ball
2-2: Foul Ball, location: 2F
2-2: Ball
3-2: Fly out, F9 (Line Drive, 8RM, EV 91.2 MPH)
Batting: RHB Mark Merry 0-0: Foul Ball, location: 2F
0-1: Swinging Strike
0-2: Ball
1-2: Ground out 4-3 (Groundball, 4, EV 106.2 MPH)
Bottom of the 9th over - 0 runs, 0 hits, 0 errors, 0 left on base; Virginia 11 - Westwood 5
Thursday, January 23rd, 2020 - OOTP Baseball 20.8 Build 74